[Event "SVK Amateur-ch 2020"]
[Site "Topolcany"]
[Date "2020.07.11"]
[Round "3.32"]
[White "Gyurika, Tamas"]
[Black "Nikanova, Ekaterina"]
[Result "0-1"]
[ECO "B23"]
[WhiteElo "1851"]
[BlackElo "2116"]
[Annotator "ChessBase"]
[PlyCount "42"]
[EventDate "2020.07.10"]
[EventType "swiss"]
[EventCountry "SVK"]
[SourceTitle "playchess.com"]
[Source "ChessBase"]
[SourceQuality "1"]
[TimeControl "3600+30"]

1. e4 c5 2. Nc3 g6 3. f4 Bg7 4. Nf3 Nc6 5. Bc4 e6 6. O-O Nge7 7. d3 O-O 8. Qe1 Nd4 9. f5 Nec6 10. Qg3 d5 11. f6 Bxf6 12. exd5 Nxf3+ 13. Rxf3 Bh4 14. Qf4 e5 15. Qxf7+ Rxf7 16. dxc6 Bf5 17. Bh6 bxc6 18. Ne4 Qd4+ 19. Re3 Bxe4 20. Bxf7+ Kxf7 21. dxe4 g5 0-1

[Event "SVK Amateur-ch 2020"]
[Site "Topolcany"]
[Date "2020.07.13"]
[Round "4.1"]
[White "Bakalar, Jan"]
[Black "Panko, Radoslav"]
[Result "0-1"]
[ECO "A97"]
[WhiteElo "1900"]
[BlackElo "2031"]
[Annotator "ChessBase"]
[PlyCount "130"]
[EventDate "2020.07.10"]
[EventType "swiss"]
[EventCountry "SVK"]
[TimeControl "3600+30"]

1. d4 e6 2. Nf3 f5 3. g3 Nf6 4. Bg2 Be7 5. O-O O-O 6. c4 d6 7. Nc3 Qe8 8. h3 Ne4 9. Qd3 Nxc3 10. bxc3 Nc6 11. e4 Qh5 12. exf5 Qxf5 13. Qxf5 Rxf5 14. Be3 Bd7 15. Nd2 Raf8 16. g4 Ra5 17. f4 Ra3 18. Nb3 Na5 19. Nxa5 Rxa5 20. Rfb1 b6 21. Bd2 g5 22. fxg5 Bxg5 23. Bxg5 Rxg5 24. Rf1 h5 25. Rxf8+ Kxf8 26. Rf1+ Kg7 27. gxh5 Rxh5 28. Re1 Ra5 29. Re2 Ra3 30. Rc2 Ba4 31. Re2 Rxc3 32. Rxe6 Rxc4 33. Re4 Rc2 34. Rg4+ Kf6 35. Rf4+ Ke7 36. Bd5 Be8 37. Bb3 Re2 38. Kf1 Rh2 39. h4 c5 40. Re4+ Kd8 41. Re6 Rxh4 42. Rxd6+ Kc7 43. dxc5 bxc5 44. Re6 Bb5+ 45. Kg1 c4 46. Bc2 Bc6 47. Re2 Kd6 48. Kf2 Kc5 49. Ke1 Rd4 50. a3 c3 51. Re5+ Bd5 52. Re7 Rd2 53. Rc7+ Kd4 54. Ba4 Ra2 55. Rd7 Rxa3 56. Bc6 Ra5 57. Bxd5 Rxd5 58. Rxa7 Kc4 59. Rc7+ Kb3 60. Rb7+ Kc2 61. Re7 Kc1 62. Re6 c2 63. Re8 Rb5 64. Rc8 Kb1 65. Kd2 Rd5+ 0-1

[Event "SVK Amateur-ch 2020"]
[Site "Topolcany"]
[Date "2020.07.12"]
[Round "4.3"]
[White "Deruelle Sala, Albert"]
[Black "Kalisky, Vladimir"]
[Result "1-0"]
[ECO "A45"]
[WhiteElo "2078"]
[BlackElo "2136"]
[Annotator "ChessBase"]
[PlyCount "77"]
[EventDate "2020.07.10"]
[EventType "swiss"]
[EventCountry "SVK"]
[SourceTitle "playchess.com"]
[Source "ChessBase"]
[SourceQuality "1"]
[TimeControl "3600+30"]

1. d4 Nf6 2. Bg5 Ne4 3. h4 d5 4. Nc3 Nxc3 5. bxc3 Nd7 6. c4 h6 7. Bf4 e6 8. cxd5 exd5 9. Nf3 Bb4+ 10. Bd2 Bd6 11. c4 dxc4 12. e4 b5 13. e5 Ba3 14. Qb1 a6 15. Qe4 Nb6 16. Be2 Nd5 17. g4 Be6 18. h5 Bb2 19. Rb1 Nc3 20. Bxc3 Bxc3+ 21. Kf1 Bd5 22. Qf4 Qd7 23. Rh3 O-O-O 24. Nh4 Bxd4 25. Nf5 Bc5 26. Nxg7 Qc6 27. Rg3 Kb8 28. a4 Be4 29. axb5 axb5 30. Rxb5+ Bb6 31. Rxb6+ cxb6 32. e6+ Kb7 33. Qxf7+ Qc7 34. e7 Ra8 35. Bxc4 Qd7 36. e8=Q Ra1+ 37. Ke2 Bd3+ 38. Bxd3 Rxe8+ 39. Nxe8 1-0

[Event "SVK Amateur-ch 2020"]
[Site "Topolcany"]
[Date "2020.07.13"]
[Round "4.5"]
[White "Mirowska Oliwia"]
[Black "Sarkozi Szabolcs"]
[Result "0-1"]
[ECO "B33"]
[WhiteElo "1898"]
[BlackElo "2123"]
[Annotator "ChessBase"]
[PlyCount "62"]
[EventDate "2020.07.10"]
[EventType "swiss"]
[EventCountry "SVK"]
[TimeControl "3600+30"]

1. e4 c5 2. Nf3 Nc6 3. d4 cxd4 4. Nxd4 Nf6 5. Nc3 e5 6. Ndb5 d6 7. Bg5 a6 8. Na3 b5 9. Nd5 Be7 10. Bxf6 Bxf6 11. c3 O-O 12. Nc2 Rb8 13. Bd3 Bg5 14. Nce3 a5 15. Qh5 Be6 16. h4 Bxe3 17. Nxe3 b4 18. Nf5 Bxf5 19. exf5 e4 20. Be2 bxc3 21. bxc3 Qf6 22. O-O Ne7 23. f3 e3 24. Rac1 Rb2 25. Bd3 Nd5 26. f4 Nxc3 27. Kh1 Nxa2 28. Rce1 Nb4 29. Bb1 Re8 30. Qg4 e2 31. Rg1 d5 0-1

[Event "SVK Amateur-ch 2020"]
[Site "Topolcany"]
[Date "2020.07.12"]
[Round "4.9"]
[White "Holly, Andrej"]
[Black "Oprea, Erik"]
[Result "0-1"]
[ECO "A10"]
[WhiteElo "2011"]
[BlackElo "2113"]
[Annotator "RC"]
[PlyCount "146"]
[EventDate "2020.07.10"]
[EventType "swiss"]
[EventCountry "SVK"]
[SourceTitle "playchess.com"]
[Source "ChessBase"]
[SourceQuality "1"]
[TimeControl "3600+30"]

1. c4 d6 2. g3 e5 3. Bg2 Nf6 4. Nc3 c6 5. d3 Be7 6. e4 Nbd7 7. Nge2 Qc7 8. O-O O-O 9. h3 a6 10. b4 a5 11. b5 Re8 12. Be3 c5 13. f4 Bf8 14. f5 Nb6 15. g4 h6 16. Qe1 Be7 17. Rf3 Qd8 18. Bf2 Nh7 19. h4 Rf8 20. Rh3 Bd7 21. Be3 f6 22. Qg3 Be8 23. Bf3 Bf7 24. Kf2 a4 25. Nd5 Nxd5 26. exd5 Be8 27. Rg1 a3 28. Nc3 Qa5 29. Bd2 Qb4 30. Rb1 Qa5 31. b6 Ra6 32. Ne4 Qa4 33. Rb3 Qd7 34. Rh1 Qd8 35. Rhb1 Ba4 36. Rxa3 Bc2 37. Rxa6 Bxb1 38. Ra3 Bc2 39. Ba5 Qd7 40. Ke3 Ra8 41. Qe1 Ba4 42. Bd1 Bxd1 43. Qxd1 h5 44. Ng3 hxg4 45. Qxg4 Bd8 46. Bb4 Rxa3 47. Bxa3 Bxb6 48. Qg6 Bd8 49. Bc1 Be7 50. Ke4 Nf8 51. Qg4 Nh7 52. Qg6 Nf8 53. Qg4 Nh7 54. Nh5 Bf8 55. Qg6 Kh8 56. Ng3 Qa4 57. Be3 Qxa2 58. Nh5 Qh2 59. Kf3 Qxh4 60. Ng3 Qh2 61. Qf7 Qc2 62. Qxb7 Qxd3 63. Ne4 Qxc4 64. Qa8 Qf1+ 65. Bf2 Qh3+ 66. Ng3 Kg8 67. Qe8 Ng5+ 68. Ke2 Qg4+ 69. Kf1 Qf3 70. Qg6 Nh3 71. Nh1 Qxh1+ 72. Ke2 Qe4+ 73. Kf1 Qf3 0-1

[Event "SVK Amateur-ch 2020"]
[Site "Topolcany"]
[Date "2020.07.13"]
[Round "4.10"]
[White "Trasakova Adela"]
[Black "Cedzo Adam"]
[Result "1-0"]
[ECO "A48"]
[WhiteElo "1660"]
[BlackElo "1974"]
[Annotator "ChessBase"]
[PlyCount "77"]
[EventDate "2020.07.10"]
[EventType "swiss"]
[EventCountry "SVK"]
[TimeControl "3600+30"]

1. d4 Nf6 2. Nf3 d6 3. Bf4 g6 4. Nbd2 Bg7 5. e4 Nbd7 6. Bc4 O-O 7. O-O Nb6 8. Bb3 Bg4 9. c3 c6 10. h3 Bd7 11. e5 Ne8 12. Ng5 d5 13. Bh2 Nc7 14. f4 f6 15. Ngf3 Nc8 16. Qe1 fxe5 17. fxe5 e6 18. Qe3 Ne7 19. g4 Be8 20. Bf4 Kh8 21. Bh6 Bxh6 22. Qxh6 Ng8 23. Qxf8 Qd7 24. Ng5 h6 25. Nf7+ Kh7 26. Qd6 Qc8 27. a4 Kg7 28. Rf2 Bxf7 29. Raf1 Be8 30. Qf8+ Kh8 31. h4 Qd8 32. Rh2 Bd7 33. Qf3 Be8 34. Bc2 Qe7 35. Kh1 Kg7 36. h5 g5 37. Qd3 Bf7 38. Qh7+ Kf8 39. Rg2 1-0

[Event "SVK Amateur-ch 2020"]
[Site "Topolcany"]
[Date "2020.07.12"]
[Round "4.11"]
[White "Bochnicka, Vladimir"]
[Black "Matis, Tibor"]
[Result "1/2-1/2"]
[ECO "B32"]
[WhiteElo "2092"]
[BlackElo "1939"]
[Annotator "ChessBase"]
[PlyCount "89"]
[EventDate "2020.07.10"]
[EventType "swiss"]
[EventCountry "SVK"]
[SourceTitle "playchess.com"]
[Source "ChessBase"]
[SourceQuality "1"]
[TimeControl "3600+30"]

1. e4 c5 2. Nf3 Nc6 3. d4 cxd4 4. Nxd4 e5 5. Nb5 d6 6. N1c3 a6 7. Na3 b5 8. Nd5 Nf6 9. Bg5 Be7 10. Bxf6 Bxf6 11. c3 O-O 12. Nc2 Bg5 13. a4 Rb8 14. axb5 axb5 15. Be2 Be6 16. Nce3 Bxe3 17. Nxe3 b4 18. O-O bxc3 19. bxc3 Ne7 20. Bc4 Bxc4 21. Nxc4 Qc7 22. Ne3 Qxc3 23. Qxd6 Ng6 24. g3 Rfd8 25. Rac1 Rxd6 26. Rxc3 Rd4 27. Rc4 Rxc4 28. Nxc4 Rc8 29. Nb6 Rc6 30. Nd5 Rc4 31. Rb1 f6 32. Rb4 Rxb4 33. Nxb4 Kf7 34. Kf1 Ke6 35. Ke2 Nf8 36. Ke3 Nd7 37. Nd5 Nc5 38. f3 Kd6 39. f4 Ke6 40. f5+ Kd6 41. g4 h6 42. Nc3 Ke7 43. Ne2 Kd6 44. Ng3 Ke7 45. Ne2 1/2-1/2

[Event "SVK Amateur-ch 2020"]
[Site "Topolcany"]
[Date "2020.07.12"]
[Round "4.12"]
[White "Joba, Arpad"]
[Black "Meers, Hubert"]
[Result "1/2-1/2"]
[ECO "B12"]
[WhiteElo "2124"]
[BlackElo "2037"]
[Annotator "ChessBase"]
[PlyCount "110"]
[EventDate "2020.07.10"]
[EventType "swiss"]
[EventCountry "SVK"]
[SourceTitle "playchess.com"]
[Source "ChessBase"]
[SourceQuality "1"]
[TimeControl "3600+30"]

1. e4 c6 2. d4 g6 3. Nc3 d5 4. exd5 cxd5 5. Nf3 Nf6 6. Bf4 a6 7. Be2 Bg7 8. O-O Bg4 9. Ne5 Bxe2 10. Nxe2 O-O 11. a4 Nc6 12. Nxc6 bxc6 13. Nc1 Nh5 14. Bg5 Qd6 15. Re1 e5 16. dxe5 Bxe5 17. h3 Bxb2 18. Be7 Qd7 19. Rb1 Rfe8 20. Nd3 Rxe7 21. Rxb2 Nf6 22. Nc5 Qd6 23. Rxe7 Qxe7 24. Qd4 Nd7 25. Nxd7 Qxd7 26. Rb6 Qc7 27. Qc5 Re8 28. g3 Re1+ 29. Kh2 Qe7 30. Qc3 Qe5 31. Qxe5 Rxe5 32. Rxc6 Re4 33. a5 Kf8 34. Rxa6 Rc4 35. Rd6 Rxc2 36. Kg2 Rc5 37. a6 Ke7 38. Rb6 Ra5 39. Rb7+ Ke6 40. a7 Ra3 41. f4 h5 42. Kf2 d4 43. Ke2 Kf6 44. g4 hxg4 45. hxg4 Ke6 46. Kd2 d3 47. Ke3 f6 48. Rg7 g5 49. f5+ Kd6 50. Rf7 d2+ 51. Kxd2 Ke5 52. Rb7 Kf4 53. Rb4+ Ke5 54. Rb7 Kf4 55. Rb4+ Ke5 1/2-1/2

[Event "SVK Amateur-ch 2020"]
[Site "Topolcany"]
[Date "2020.07.13"]
[Round "4.12"]
[White "Kulhanek, Jachym"]
[Black "Slovak, Pavol"]
[Result "1-0"]
[ECO "B00"]
[WhiteElo "1926"]
[BlackElo "1618"]
[Annotator "ChessBase"]
[PlyCount "77"]
[EventDate "2020.07.10"]
[EventType "swiss"]
[EventCountry "SVK"]
[TimeControl "3600+30"]

1. e4 Nc6 2. Nf3 f5 3. exf5 d5 4. d4 Bxf5 5. a3 Nf6 6. Nc3 g6 7. Bb5 a6 8. Bd3 Qd7 9. Bf4 Bg4 10. Be2 Bg7 11. Ne5 Nxe5 12. Bxe5 O-O 13. h3 Bxe2 14. Qxe2 Nh5 15. Bxg7 Nxg7 16. O-O-O Rf6 17. Rhe1 e6 18. Qd2 Raf8 19. f3 Nf5 20. Kb1 Nd6 21. b3 Qc6 22. Re2 Nf5 23. Rde1 Qb6 24. Rd1 Nd6 25. Na4 Qb5 26. Ka2 Nc4 27. Qe1 Re8 28. Nc3 Qc6 29. bxc4 Qxc4+ 30. Ka1 e5 31. Rxe5 Rxe5 32. dxe5 Rc6 33. Nxd5 Qc5 34. Nb4 Rb6 35. Rd8+ Kg7 36. e6 a5 37. e7 axb4 38. e8=Q bxa3 39. Q8e5+ 1-0

[Event "SVK Amateur-ch 2020"]
[Site "Topolcany"]
[Date "2020.07.12"]
[Round "4.13"]
[White "Brnusak, Tomas"]
[Black "Kapusta, Petr"]
[Result "0-1"]
[ECO "E71"]
[WhiteElo "2028"]
[BlackElo "2115"]
[Annotator "ChessBase"]
[PlyCount "112"]
[EventDate "2020.07.10"]
[EventType "swiss"]
[EventCountry "SVK"]
[SourceTitle "playchess.com"]
[Source "ChessBase"]
[SourceQuality "1"]
[TimeControl "3600+30"]

1. d4 Nf6 2. c4 g6 3. Nc3 Bg7 4. e4 d6 5. h3 O-O 6. Be3 e5 7. d5 Nbd7 8. g4 Nc5 9. Bg2 a5 10. Nge2 h5 11. g5 Nh7 12. h4 f5 13. f3 b6 14. Qc2 fxe4 15. fxe4 Bg4 16. Rh2 Qd7 17. O-O-O Rf7 18. Rg1 Qe7 19. Ng3 Nf8 20. Nb5 Na6 21. a3 Nd7 22. Nf1 Ndc5 23. Bh3 Bxh3 24. Rxh3 Raf8 25. Nd2 a4 26. Kd1 Qd7 27. Rhg3 c6 28. Nc3 cxd5 29. Nxd5 Qb7 30. b4 axb3 31. Nxb3 Rf1+ 32. Ke2 Rxg1 33. Bxg1 Qf7 34. Nd2 Ne6 35. Kd1 Nac5 36. Rf3 Nf4 37. Bxc5 bxc5 38. a4 Qe6 39. Ne3 Ra8 40. Nb1 Qd7 41. Nc3 Ne6 42. Rf1 Nd4 43. Qf2 Qb7 44. Qa2 Qd7 45. Qb2 Qh3 46. Ncd5 Rxa4 47. Nf6+ Bxf6 48. gxf6 Ra8 49. f7+ Kf8 50. Qc3 Rb8 51. Qa3 Qh2 52. Kc1 Nb3+ 53. Kb1 Nd2+ 54. Ka1 Nxf1 55. Nxf1 Qf2 56. Ne3 Qe1+ 0-1

[Event "SVK Amateur-ch 2020"]
[Site "Topolcany"]
[Date "2020.07.13"]
[Round "4.13"]
[White "Moravcik, Rastislav"]
[Black "Kapolkova, Greta"]
[Result "1-0"]
[ECO "D00"]
[WhiteElo "1916"]
[BlackElo "1510"]
[Annotator "ChessBase"]
[PlyCount "49"]
[EventDate "2020.07.10"]
[EventType "swiss"]
[EventCountry "SVK"]
[TimeControl "3600+30"]

1. d4 d5 2. e3 c5 3. f4 e6 4. c3 Nf6 5. Nf3 Nc6 6. Bd3 b6 7. O-O Be7 8. Ne5 Nxe5 9. fxe5 Nd7 10. Nd2 O-O 11. Nf3 Bb7 12. Bd2 Rc8 13. Be1 Re8 14. Bg3 Nf8 15. Qe2 Ng6 16. Rad1 Nh4 17. Bxh4 Bxh4 18. Nxh4 Qxh4 19. Rf3 Rf8 20. Rh3 Qe7 21. Bxh7+ Kh8 22. Bg6+ Kg8 23. Rh8+ Kxh8 24. Qh5+ Kg8 25. Qh7# 1-0

[Event "SVK Amateur-ch 2020"]
[Site "Topolcany"]
[Date "2020.07.13"]
[Round "4.15"]
[White "Pokrupa, Marek"]
[Black "Adda Peter"]
[Result "1-0"]
[ECO "B37"]
[WhiteElo "2187"]
[BlackElo "1000"]
[Annotator "ChessBase"]
[PlyCount "97"]
[EventDate "2020.07.10"]
[EventType "swiss"]
[EventCountry "SVK"]
[TimeControl "3600+30"]

1. c4 c5 2. Nf3 Nc6 3. Nc3 g6 4. d4 cxd4 5. Nxd4 Bg7 6. Nc2 Nf6 7. e4 d6 8. Be2 O-O 9. O-O b6 10. Bg5 h6 11. Be3 Bb7 12. Qd2 Kh7 13. Rac1 Rc8 14. b3 Nd7 15. Rfd1 Nc5 16. f3 Qe8 17. Bf1 Ne6 18. Nd5 Nb8 19. Bf2 Bxd5 20. exd5 Nc5 21. Nd4 Qd7 22. Rc2 Bxd4 23. Qxd4 Nb7 24. Re2 e5 25. dxe6 fxe6 26. Bg3 Nc6 27. Qg4 Rf6 28. Bh4 Rf5 29. Bg3 Re8 30. Red2 Rd8 31. Bf4 e5 32. Be3 h5 33. Qh4 Qe7 34. Qxe7+ Nxe7 35. Bd3 Rf7 36. Be4 Nf5 37. Bf2 Nc5 38. Bxf5 gxf5 39. Rxd6 Rdf8 40. Bxc5 bxc5 41. R6d5 e4 42. Rxc5 exf3 43. gxf3 Rg8+ 44. Kf2 Rfg7 45. Ke3 Rf8 46. Kf4 Rg2 47. Rd7+ Kg6 48. Rc6+ Rf6 49. Rcc7 1-0

[Event "SVK Amateur-ch 2020"]
[Site "Topolcany"]
[Date "2020.07.13"]
[Round "4.17"]
[White "Bielik, Miroslav"]
[Black "Kostic, Ivan"]
[Result "1-0"]
[ECO "D02"]
[WhiteElo "2133"]
[BlackElo "1694"]
[Annotator "ChessBase"]
[PlyCount "81"]
[EventDate "2020.07.10"]
[EventType "swiss"]
[EventCountry "SVK"]
[TimeControl "3600+30"]

1. d4 d5 2. Bf4 e6 3. e3 Nf6 4. Nf3 c5 5. c3 Nc6 6. Nbd2 b6 7. Bb5 Bd7 8. Ba6 Bc8 9. Qa4 Bxa6 10. Qxa6 cxd4 11. cxd4 Nb4 12. Qa4+ Qd7 13. Qxd7+ Nxd7 14. Ke2 Be7 15. Rhc1 Na6 16. a3 O-O 17. b4 Rac8 18. b5 Nab8 19. a4 a6 20. Kd3 Bb4 21. Rab1 a5 22. Bc7 Be7 23. Rc2 Bd8 24. Rbc1 Bxc7 25. Rxc7 Rxc7 26. Rxc7 Rd8 27. Rb7 f6 28. e4 Kf8 29. exd5 exd5 30. Nb1 Ke7 31. Nc3 Kd6 32. Ne1 f5 33. f4 Rf8 34. Nc2 h6 35. Ne3 g5 36. g3 gxf4 37. gxf4 Rf6 38. Ncxd5 Rg6 39. Nxf5+ Ke6 40. Nfe3 Rg8 41. Nxb6 1-0

[Event "SVK Amateur-ch 2020"]
[Site "Topolcany"]
[Date "2020.07.12"]
[Round "4.18"]
[White "Macko, Michal"]
[Black "Nikel, Rastislav"]
[Result "1-0"]
[ECO "B10"]
[WhiteElo "2145"]
[BlackElo "1982"]
[Annotator "ChessBase"]
[PlyCount "73"]
[EventDate "2020.07.10"]
[EventType "swiss"]
[EventCountry "SVK"]
[SourceTitle "playchess.com"]
[Source "ChessBase"]
[SourceQuality "1"]
[TimeControl "3600+30"]

1. c4 c6 2. e4 d5 3. exd5 cxd5 4. cxd5 Nf6 5. Nc3 Nxd5 6. Bc4 e6 7. Nf3 Be7 8. O-O Nxc3 9. bxc3 Nc6 10. Qe2 O-O 11. d4 Qa5 12. Bd2 Bf6 13. Rab1 a6 14. Rfe1 b5 15. Bd3 Bd7 16. Qe4 g6 17. Re2 Rfe8 18. Qf4 Qd8 19. Rbe1 b4 20. c4 Nxd4 21. Nxd4 e5 22. Qf3 exd4 23. Rxe8+ Bxe8 24. Rxe8+ Qxe8 25. Qxf6 Qd8 26. Qf3 a5 27. Be4 Rc8 28. Bd5 Qe7 29. g3 Kg7 30. Qf4 a4 31. Qxd4+ f6 32. Qb6 b3 33. axb3 a3 34. Bb4 a2 35. Bxe7 a1=Q+ 36. Kg2 Re8 37. Qe6 1-0

[Event "SVK Amateur-ch 2020"]
[Site "Topolcany"]
[Date "2020.07.12"]
[Round "4.19"]
[White "Meszarosova, Eva"]
[Black "Pejko, Otomar"]
[Result "1/2-1/2"]
[ECO "C41"]
[WhiteElo "1976"]
[BlackElo "2138"]
[Annotator "ChessBase"]
[PlyCount "115"]
[EventDate "2020.07.10"]
[EventType "swiss"]
[EventCountry "SVK"]
[SourceTitle "playchess.com"]
[Source "ChessBase"]
[SourceQuality "1"]
[TimeControl "3600+30"]

1. e4 e5 2. Nf3 d6 3. d4 exd4 4. Nxd4 g6 5. Nc3 Bg7 6. Bc4 Nc6 7. Be3 Nf6 8. f3 O-O 9. Qd2 a6 10. Nxc6 bxc6 11. O-O-O Be6 12. Bb3 Nd7 13. Bh6 Qf6 14. Bxg7 Qxg7 15. g4 Ne5 16. Qe2 Qh6+ 17. Kb1 Qf4 18. Rdf1 Rfb8 19. h4 Rb4 20. Qh2 Qxh2 21. Rxh2 Bc4 22. Bxc4 Nxc4 23. b3 Ne5 24. h5 Rab8 25. g5 Nd7 26. f4 Nc5 27. hxg6 hxg6 28. Rfh1 Kf8 29. a3 R4b7 30. f5 Ke7 31. fxg6 fxg6 32. Rh7+ Ke6 33. Rf1 Ke5 34. Ne2 Re8 35. Rff7 Nxe4 36. Re7+ Rxe7 37. Rxe7+ Kf5 38. Nd4+ Kf4 39. Rf7+ Kxg5 40. Ne6+ Kh5 41. Nd8 Rb6 42. Rxc7 c5 43. Ne6 g5 44. Re7 d5 45. Nc7 Nf6 46. Kc1 Kg4 47. Kd1 Kf5 48. Ke2 g4 49. Kf2 d4 50. Ne8 d3 51. cxd3 Rxb3 52. Rf7 Ke6 53. Rxf6+ Ke7 54. Rxa6 Kxe8 55. Kg3 Rxd3+ 56. Kxg4 c4 57. Rc6 Rxa3 58. Rxc4 1/2-1/2

[Event "SVK Amateur-ch 2020"]
[Site "Topolcany"]
[Date "2020.07.12"]
[Round "4.20"]
[White "Strachan, Jan"]
[Black "Trangos, Miroslav"]
[Result "1-0"]
[ECO "C00"]
[WhiteElo "2130"]
[BlackElo "1971"]
[Annotator "ChessBase"]
[PlyCount "81"]
[EventDate "2020.07.10"]
[EventType "swiss"]
[EventCountry "SVK"]
[SourceTitle "playchess.com"]
[Source "ChessBase"]
[SourceQuality "1"]
[TimeControl "3600+30"]

1. e4 e6 2. d3 d5 3. Nd2 b6 4. Ngf3 Bb7 5. g3 Nd7 6. Bg2 dxe4 7. Nxe4 Ngf6 8. Nfg5 Nc5 9. O-O Ncxe4 10. Nxe4 Nxe4 11. dxe4 Qxd1 12. Rxd1 e5 13. Be3 Rd8 14. a4 Rxd1+ 15. Rxd1 Bd6 16. a5 Ke7 17. Ra1 Ra8 18. c3 Bc5 19. Bxc5+ bxc5 20. a6 Bc6 21. Ra5 Rb8 22. Rxc5 Kd6 23. b4 Rb5 24. Rxb5 Bxb5 25. Bf1 c6 26. c4 Ba4 27. c5+ Ke7 28. f3 Bb5 29. Bxb5 cxb5 30. Kg2 Ke6 31. Kh3 h6 32. Kh4 g6 33. Kg4 f6 34. Kh4 Ke7 35. f4 Ke6 36. fxe5 Kxe5 37. g4 Ke6 38. Kg3 Ke5 39. Kf3 g5 40. Ke3 Ke6 41. Kd4 1-0

[Event "SVK Amateur-ch 2020"]
[Site "Topolcany"]
[Date "2020.07.12"]
[Round "4.21"]
[White "Nikanova, Ekaterina"]
[Black "Ladnak, Marek"]
[Result "1/2-1/2"]
[ECO "B19"]
[WhiteElo "2116"]
[BlackElo "1882"]
[Annotator "ChessBase"]
[PlyCount "121"]
[EventDate "2020.07.10"]
[EventType "swiss"]
[EventCountry "SVK"]
[SourceTitle "playchess.com"]
[Source "ChessBase"]
[SourceQuality "1"]
[TimeControl "3600+30"]

1. e4 c6 2. d4 d5 3. Nc3 dxe4 4. Nxe4 Bf5 5. Ng3 Bg6 6. h4 h6 7. Nf3 Nd7 8. h5 Bh7 9. Bd3 Bxd3 10. Qxd3 Qc7 11. Bd2 e6 12. Ne4 Be7 13. O-O-O Ngf6 14. Kb1 O-O-O 15. g3 c5 16. Bf4 Qc6 17. Nxf6 Bxf6 18. d5 exd5 19. Qxd5 Ne5 20. Qxc6+ Nxc6 21. c3 Rxd1+ 22. Rxd1 Rd8 23. Rxd8+ Kxd8 24. Kc2 Kd7 25. Kd3 b5 26. Ke4 Ke6 27. Be3 Be7 28. g4 c4 29. Nd4+ Nxd4 30. Bxd4 g6 31. hxg6 fxg6 32. Bxa7 h5 33. gxh5 gxh5 34. f4 Bd6 35. b3 h4 36. bxc4 bxc4 37. a4 h3 38. Bg1 Bc5 39. Bh2 Bb6 40. f5+ Kf6 41. Be5+ Kg5 42. f6 h2 43. Bxh2 Kxf6 44. Kd5 Ba5 45. Kxc4 Ke6 46. Kd4 Bxc3+ 47. Kxc3 Kd5 48. Kb4 Kc6 49. Ka5 Kb7 50. Bg1 Kb8 51. Kb6 Ka8 52. a5 Kb8 53. Ka6 Ka8 54. Kb6 Kb8 55. Bh2+ Ka8 56. Kc7 Ka7 57. Kc8 Ka8 58. Bc7 Ka7 59. Bb6+ Ka8 60. Kd7 Kb7 61. Kd6 1/2-1/2

[Event "SVK Amateur-ch 2020"]
[Site "Topolcany"]
[Date "2020.07.12"]
[Round "4.22"]
[White "Slaba, Andrea"]
[Black "Bojda, Lubomir"]
[Result "1-0"]
[ECO "E91"]
[WhiteElo "1969"]
[BlackElo "2110"]
[Annotator "ChessBase"]
[PlyCount "97"]
[EventDate "2020.07.10"]
[EventType "swiss"]
[EventCountry "SVK"]
[SourceTitle "playchess.com"]
[Source "ChessBase"]
[SourceQuality "1"]
[TimeControl "3600+30"]

1. Nf3 d6 2. d4 Nf6 3. c4 g6 4. Nc3 Bg7 5. e4 O-O 6. Be2 Na6 7. Bg5 Qe8 8. O-O e5 9. dxe5 dxe5 10. Ne1 Be6 11. Nd5 Nxe4 12. Be7 c6 13. Bxf8 Qxf8 14. Ne3 Rd8 15. Qc2 Nd2 16. Nd3 Nxf1 17. Bxf1 Nb4 18. Nxb4 Qxb4 19. a3 Qb6 20. b4 Rd4 21. c5 Qd8 22. Nc4 b5 23. cxb6 axb6 24. Ne3 Rd6 25. a4 e4 26. Rc1 f5 27. Bc4 Kh8 28. Bxe6 Rxe6 29. Nc4 c5 30. bxc5 bxc5 31. g3 Bd4 32. a5 f4 33. gxf4 Qh4 34. Ne3 Qxf4 35. Ng2 Qf6 36. Rb1 h5 37. Rb8+ Kh7 38. Rb7+ Kh6 39. Qc1+ g5 40. h4 Bxf2+ 41. Kh1 e3 42. Qc2 Qg6 43. hxg5+ Kxg5 44. Qxc5+ Kh6 45. Qf8+ Kg5 46. Qc5+ Qf5 47. Rg7+ Rg6 48. Qe7+ Qf6 49. Qe5+ 1-0

[Event "SVK Amateur-ch 2020"]
[Site "Topolcany"]
[Date "2020.07.12"]
[Round "4.23"]
[White "Pniaczek, Marek"]
[Black "Plasek, Zdenek"]
[Result "1-0"]
[ECO "B41"]
[WhiteElo "2102"]
[BlackElo "1933"]
[Annotator "ChessBase"]
[PlyCount "59"]
[EventDate "2020.07.10"]
[EventType "swiss"]
[EventCountry "SVK"]
[SourceTitle "playchess.com"]
[Source "ChessBase"]
[SourceQuality "1"]
[TimeControl "3600+30"]

1. e4 c5 2. Nf3 e6 3. d4 cxd4 4. Nxd4 a6 5. c4 Nf6 6. Nc3 Qc7 7. Be3 b6 8. Be2 Bb7 9. f3 d6 10. O-O Be7 11. a4 O-O 12. Qd2 Rc8 13. Rfc1 Nbd7 14. a5 bxa5 15. Nb3 a4 16. Nxa4 Nc5 17. Na5 Bc6 18. Nc3 Rab8 19. Rcb1 Ba8 20. b4 Ncd7 21. Na4 Re8 22. b5 Qc8 23. Ba7 Bd8 24. Bxb8 Nxb8 25. b6 Bb7 26. Qxd6 Re7 27. Nc5 Ne8 28. Qd4 Nd7 29. Ncxb7 Bxb6 30. Rxb6 1-0

[Event "SVK Amateur-ch 2020"]
[Site "Topolcany"]
[Date "2020.07.12"]
[Round "4.25"]
[White "Balazs, Ladislav"]
[Black "Salgovic, Simon"]
[Result "1/2-1/2"]
[ECO "B01"]
[WhiteElo "2122"]
[BlackElo "1877"]
[Annotator "ChessBase"]
[PlyCount "87"]
[EventDate "2020.07.10"]
[EventType "swiss"]
[EventCountry "SVK"]
[SourceTitle "playchess.com"]
[Source "ChessBase"]
[SourceQuality "1"]
[TimeControl "3600+30"]

1. e4 d5 2. d4 dxe4 3. Nc3 Nf6 4. f3 exf3 5. Qxf3 c6 6. Bg5 e6 7. O-O-O Be7 8. Kb1 Nd5 9. Bxe7 Nxe7 10. Bd3 Nd7 11. Ne4 Qc7 12. Rf1 Rf8 13. c4 f5 14. Ng5 Nf6 15. Re1 h6 16. Nxe6 Bxe6 17. Rxe6 O-O-O 18. Bxf5 Nxf5 19. Qxf5 Kb8 20. Nf3 Nd5 21. Qg4 Nf4 22. Re3 g5 23. Rhe1 Qf7 24. c5 Qh7+ 25. Ka1 Nd5 26. Rb3 Rde8 27. Qg3+ Ka8 28. Ne5 Rf4 29. Nf3 Ree4 30. h3 Qe7 31. Rxe4 Qxe4 32. Qf2 h5 33. Qd2 g4 34. hxg4 hxg4 35. Nh2 Qxd4 36. Qc1 Rf2 37. Qe1 Rf8 38. a3 Qf4 39. g3 Qc4 40. Qd1 Rf2 41. Re3 a6 42. Re8+ Ka7 43. Rh8 Nc3 44. Ra8+ 1/2-1/2

[Event "SVK Amateur-ch 2020"]
[Site "Topolcany"]
[Date "2020.07.12"]
[Round "4.26"]
[White "Lach, Piotr"]
[Black "Dzwierzynski, Bartosz"]
[Result "1/2-1/2"]
[ECO "B50"]
[WhiteElo "2086"]
[BlackElo "1869"]
[Annotator "ChessBase"]
[PlyCount "36"]
[EventDate "2020.07.10"]
[EventType "swiss"]
[EventCountry "SVK"]
[SourceTitle "playchess.com"]
[Source "ChessBase"]
[SourceQuality "1"]
[TimeControl "3600+30"]

1. e4 c5 2. Nf3 d6 3. c3 Nc6 4. d4 Nf6 5. d5 Nb8 6. Be2 g6 7. O-O Bg7 8. Bb5+ Bd7 9. Bxd7+ Nbxd7 10. Qe2 O-O 11. a4 Rb8 12. h3 Re8 13. Bf4 Nh5 14. Bh2 Bh6 15. Na3 Nf4 16. Bxf4 Bxf4 17. g3 Bh6 18. Nc4 Nb6 1/2-1/2

[Event "SVK Amateur-ch 2020"]
[Site "Topolcany"]
[Date "2020.07.12"]
[Round "4.27"]
[White "Franko, Ondrej"]
[Black "Lecky, Juraj"]
[Result "1-0"]
[ECO "B21"]
[WhiteElo "1952"]
[BlackElo "2083"]
[Annotator "ChessBase"]
[PlyCount "91"]
[EventDate "2020.07.10"]
[EventType "swiss"]
[EventCountry "SVK"]
[SourceTitle "playchess.com"]
[Source "ChessBase"]
[SourceQuality "1"]
[TimeControl "3600+30"]

1. e4 c5 2. f4 d5 3. exd5 Qxd5 4. Nc3 Qd8 5. Nf3 Nf6 6. Bc4 Nc6 7. d3 e6 8. O-O Be7 9. Kh1 O-O 10. Bb3 b6 11. Qe1 Nd4 12. Ne5 Bb7 13. Be3 a5 14. Bxd4 cxd4 15. Nxf7 Rxf7 16. Qxe6 dxc3 17. Qxf7+ Kh8 18. Rae1 Ng8 19. Qxg8+ Qxg8 20. Bxg8 Bh4 21. Bc4 Bxe1 22. Rxe1 cxb2 23. Kg1 a4 24. a3 Bc6 25. Rb1 b5 26. Be6 Re8 27. Bg4 b4 28. Rxb2 bxa3 29. Ra2 Re1+ 30. Kf2 Rc1 31. Bf3 Bd7 32. Ke3 Be6 33. Rxa3 Rxc2 34. Rxa4 g6 35. Ra7 Bf5 36. g4 Be6 37. h4 Rh2 38. h5 gxh5 39. gxh5 Rh3 40. Ke4 Bd5+ 41. Kxd5 Rxf3 42. Ke4 Rh3 43. d4 Rxh5 44. d5 Kg8 45. d6 Kf8 46. Ra8+ 1-0